 Dungeon Crawl Stone Soup version 0.26-a0-651-gb41185065b (webtiles) character file.

Game seed: 16989361279575214535

44602 Apogee the Champion of Chaos (level 13, -1/115 HPs)
             Began as a Black Draconian Transmuter on Oct 11, 2020.
             Was the Champion of Makhleb.
             Killed themself with a bounced zap (2 damage)
             ... on level 6 of the Lair of Beasts.
             The game lasted 00:51:40 (20441 turns).

Apogee the Champion of Chaos (DrTm)                Turns: 20441, Time: 00:51:41

Health: -1/115     AC: 15    Str: 12    XL:     13   Next: 97%
Magic:  16/23      EV: 15    Int: 15    God:    Makhleb [******]
Gold:   1594       SH:  0    Dex: 19    Spells: 0/22 levels left

rFire    + . .     SeeInvis .     - Unarmed
rCold    . . .     Faith    +   (shield currently unavailable)
rNeg     . . .     Spirit   .   (armour unavailable)
rPois    +         Reflect  .   D - +1 hat
rElec    +         Harm     .   M - +0 cloak {rF+}
rCorr    .         Rampage  .   (gloves currently unavailable)
MR       .....                  j - +0 pair of boots {Stlth+}
Stlth    +++.......             o - amulet of faith {!P}
HPRegen  0.29/turn              I - ring of Moodiness {+Blink rPois Dex+3}
MPRegen  0.18/turn              y - +4 ring of protection

@: blade hands
A: breathe lightning, unfitting armour, electricity resistance, cold-blooded, AC
+8
a: Breathe Lightning, End Transformation, Minor Destruction, Lesser Servant of
Makhleb, Major Destruction, Greater Servant of Makhleb, Renounce Religion, Evoke
Blink


You were on level 6 of the Lair of Beasts.
You worshipped Makhleb.
Makhleb was exalted by your worship.
You had blades for hands.
You visited 3 branches of the dungeon, and saw 19 of its levels.
You also visited: Ossuary and Volcano.

You collected 1594 gold pieces.

Inventory:

Missiles
 C - 3 throwing nets (quivered) {!f}
Armour
 j - a +0 pair of boots of stealth (worn)
   (You found it in a volcano)
 D - a +1 hat (worn)
   (You took it off Gastronok on level 9 of the Dungeon)
 J - a +1 pair of gloves (melded)
   (You found it on level 11 of the Dungeon)
 M - a +0 cloak of fire resistance (worn)
   (You found it in a volcano)
 T - a +0 buckler (melded)
   (You found it on level 4 of the Lair of Beasts)
Jewellery
 b - an uncursed ring of flight
   (You found it in an ossuary)
 e - an uncursed amulet of regeneration
   (You found it in an ossuary)
 o - an amulet of faith (around neck) {!P}
   (You found it on level 10 of the Dungeon)
 y - a +4 ring of protection (right scythe-like blade)
   (You found it in an ossuary)
 z - an uncursed ring of see invisible
   (You found it on level 1 of the Dungeon)
 I - the ring of Moodiness (left scythe-like blade) {+Blink rPois Dex+3}
   (You found it on level 9 of the Dungeon)

   [ring of poison resistance]

   It affects your dexterity (+3).
   It protects you from poison.
   It lets you blink.
 K - an uncursed ring of positive energy
   (You found it on level 9 of the Dungeon)
 Q - an uncursed ring of positive energy
   (You found it on level 8 of the Dungeon)
Wands
 c - a wand of disintegration (50)
   (You found it on level 8 of the Dungeon)
 d - a wand of iceblast (10)
   (You found it on level 4 of the Lair of Beasts)
 t - a wand of flame (46)
   (You took it off Erolcha on level 9 of the Dungeon)
 u - a wand of paralysis (4)
   (You found it on level 3 of the Lair of Beasts)
 v - a wand of digging (8)
   (You took it off Terence on level 3 of the Dungeon)
 x - a wand of acid (23)
   (You found it on level 8 of the Dungeon)
 U - a wand of enslavement (10)
   (You found it on level 4 of the Lair of Beasts)
Scrolls
 f - a scroll of holy word
 g - 7 scrolls of teleportation {@r4}
 h - 5 scrolls of amnesia
 i - 3 scrolls of fog {unknown}
 l - 6 scrolls of blinking {unknown}
 q - 2 scrolls of magic mapping
 s - 7 scrolls of immolation {!r}
 A - 5 scrolls of fear
 E - 7 scrolls of enchant weapon
 G - 3 scrolls of enchant armour
 H - 2 scrolls of torment {unknown}
 N - a scroll of silence {unknown}
 R - a scroll of brand weapon
 S - 8 scrolls of remove curse {@r2}
Potions
 a - 2 potions of lignification {!q}
 k - 8 potions of might
 m - a potion of invisibility {unknown}
 n - 5 potions of brilliance
 p - a potion of mutation {unknown}
 r - 2 potions of stabbing
 w - 6 potions of flight
 B - 2 potions of haste {@q3}
 F - 7 potions of ambrosia
 L - 4 potions of berserk rage
 O - 4 potions of curing {@q1}
 P - 2 potions of magic
Miscellaneous
 V - a condenser vane (inert)
   (You found it on level 5 of the Lair of Beasts)


   Skills:
 - Level 10.8 Fighting
 + Level 4.0 Dodging
 - Level 5.0 Shields
 + Level 11.3 Unarmed Combat
 - Level 5.0 Spellcasting
 - Level 4.0 Hexes
 - Level 4.0 Translocations
 - Level 10.0 Transmutations
 + Level 3.4 Air Magic
 + Level 14.3 Invocations


You couldn't memorise any spells.
You knew the following spells:

 Your Spells              Type           Power        Failure   Level
a - Beastly Appendage     Tmut           ####..       10%         1
b - Wereblood             Tmut           ####....     11%         2
c - Blade Hands           Tmut           ####......   41%         5
d - Blink                 Tloc           N/A          32%         2
e - Confusing Touch       Hex            ###.....     45%         3
f - Tornado               Air            ##........   100%        9

Your spell library contained the following spells:

 Spells                   Type           Power        Failure   Level
 Corona                   Hex            ###....      26%         1
 Slow                     Hex            ###.....     32%         2
 Spider Form              Tmut/Pois      ###.......   36%         3
 Gell's Gravitas          Tloc           ###.......   45%         3
 Tukima's Dance           Hex            ###.....     45%         3
 Ensorcelled Hibernation  Hex/Ice        #.....       47%         2
 Magic Dart               Conj           #...         56%         1
 Ice Form                 Ice/Tmut       ###.....     63%         4
 Petrify                  Tmut/Erth      ###.....     63%         4
 Dazzling Flash           Conj/Hex       #.....       65%         3
 Call Imp                 Summ           #.......     67%         2
 Yara's Violent Unravell  Hex/Tmut       ###.......   69%         5
 Mephitic Cloud           Conj/Pois/Air  #.......     73%         3
 Conjure Flame            Conj/Fire      #.......     83%         3
 Leda's Liquefaction      Hex/Erth       #.........   90%         4
 Summon Lightning Spire   Summ/Air       #.......     93%         4
 Silence                  Hex/Air        ##........   95%         5
 Metabolic Englaciation   Hex/Ice        #.........   99%         5
 Bolt of Magma            Conj/Fire/Erth #.........   100%        5
 Conjure Ball Lightning   Conj/Air       #.........   100%        6
 Iron Shot                Conj/Erth      #.........   100%        6
 Statue Form              Tmut/Erth      ###......    100%        6
 Shatter                  Erth           #.........   100%        9


Dungeon Overview and Level Annotations

Branches:
Dungeon (12/15)            Temple (0/1) D:4            Lair (6/6) D:10
  Swamp (0/4) Lair:3        Snake (1/4) Lair:4        Slime (0/5) Lair:5
    Orc (0/2) D:12        Ossuary (visited)         Volcano (visited)

Altars:
Makhleb
Sif Muna
Trog
Uskayaw
Xom
Zin
The Shining One
Jiyva

Shops:
D:6 (   D:12 (

Annotations:
D:4 3 runed translucent doors, gbos's ghost, amateur DDFi
Lair:3 exclusion: oklob plant
Lair:4 exclusion: hydra


Innate Abilities, Weirdness & Mutations

You can breathe wild blasts of lightning.
Your glossy black scales are hard. (AC +8)
You cannot fit into any form of body armour.
You are resistant to electric shocks. (rElec)
You are cold-blooded and may be slowed by cold attacks.


Message History

The seven-headed hydra closely misses you.
The seven-headed hydra bites you but does no damage.
Your cacodemon gestures at the seven-headed hydra.
The seven-headed hydra resists with some effort.
Unknown command.
You chop one of the seven-headed hydra's heads off!
The six-headed hydra grows two more!
You slice the eight-headed hydra!!
The eight-headed hydra bites you but does no damage.
The eight-headed hydra bites you!
* * * LOW HITPOINT WARNING * * *
The eight-headed hydra closely misses you.
The eight-headed hydra bites you.
* * * LOW HITPOINT WARNING * * *
The eight-headed hydra bites you but does no damage.
The eight-headed hydra bites you.
* * * LOW HITPOINT WARNING * * *
The eight-headed hydra bites you.
* * * LOW HITPOINT WARNING * * *
The eight-headed hydra bites you.
* * * LOW HITPOINT WARNING * * *
Your cacodemon hits the eight-headed hydra.
Your cacodemon hits the eight-headed hydra!
You hack one of the eight-headed hydra's heads off!
The seven-headed hydra grows two more!
You slice the nine-headed hydra!! You tail-slap the nine-headed hydra.
The nine-headed hydra closely misses you.
The nine-headed hydra bites you.
* * * LOW HITPOINT WARNING * * *
The nine-headed hydra misses you. The nine-headed hydra bites you.
* * * LOW HITPOINT WARNING * * *
The nine-headed hydra bites you!
* * * LOW HITPOINT WARNING * * *
The nine-headed hydra bites you.
* * * LOW HITPOINT WARNING * * *
The nine-headed hydra bites you!
* * * LOW HITPOINT WARNING * * *
The nine-headed hydra bites you but does no damage.
The nine-headed hydra closely misses you.
Unknown command.
You breathe a wild blast of lightning!
The orb of electricity explodes!
The orb of electricity engulfs the nine-headed hydra!
You kill the nine-headed hydra!
Makhleb accepts your kill.
Your Dodging skill increases to level 4!
The orb of electricity engulfs you! You resist.
* * * LOW HITPOINT WARNING * * *
The orb of electricity engulfs your cacodemon.
Your cacodemon resists.
The zap hits you. You resist.
You die...

#PP......... ....P}.....
#.P........ #####......P... ##
##.............. ####
.###.....k..!≈≈≈≈≈≈
#..####.##..2.##...≈≈≈≈≈≈
#.......#..†####..≈≈≈≈≈≈≈
#####.........@..##..≈≈≈≈≈≈≈≈
##.<..........##.####.≈≈≈≈≈≈≈≈
#......#.....##### ..≈≈≈≈≈≈≈≈
.....#..####...# ###.≈≈....≈
.P#..#..# #..## ##)......
....###.# #...# ......k .###
#P.## #..... ##..# #..#..#
#...#####.#...


You could see a rime drake and a friendly cacodemon (summoned).

Vanquished Creatures
  Gastronok (D:9)
  Nessos (Lair:5)
  Josephine (Lair:5)
  2 hydras
  A catoblepas (Lair:6)
  Erica (D:9)
  2 two-headed ogres
  4 skeletal warriors (D:11)
  2 unseen horrors
  A deep elf mage (D:12)
  2 ugly things (D:11)
  6 elephants
  6 cane toads
  A molten gargoyle (Volcano)
  2 black mambas (Lair:3)
  3 gargoyles (Volcano)
  A rime drake (Lair:3)
  Maggie (D:9)
  8 komodo dragons
  A queen bee (Lair:1)
  2 trolls
  Prince Ribbit (D:9)
  4 slime creatures (D:12)
  4 blink frogs (Lair:1)
  A hippogriff (Lair:5)
  A redback (D:9)
  Sigmund (D:3)
  A shadow (D:7)
  A water elemental (D:12)
  4 hogs (D:8)
  A tarantella (shapeshifter) (D:9)
  2 wyverns
  4 wraiths
  A human (D:8)
  10 yaks (Lair:3)
  A basilisk (Lair:5)
  A steam dragon (D:8)
  3 wargs (D:11)
  An acid dragon (D:9)
  10 water moccasins
  12 porcupines
  5 black bears
  2 necrophages
  7 orc warriors
  2 sky beasts
  3 phantoms
  A swamp drake (D:11)
  7 ice beasts
  A hornet zombie (D:12)
  2 eyes of draining (D:4)
  7 ogres
  11 wolves
  8 centaurs
  22 crocodiles
  2 big kobolds
  16 bullfrogs
  A water moccasin zombie (D:10)
  A gnoll sergeant (D:9)
  3 scorpions
  28 killer bees
  3 howler monkeys (D:10)
  6 wights
  7 electric eels
  A quasit (D:9)
  2 jellies (D:9)
  13 orc priests
  A bullfrog skeleton (D:11)
  7 hounds
  3 centaur skeletons
  Ijyb (D:3)
  Terence (D:3)
  Natasha (thrice) (D:3)
  8 iguanas
  12 orc wizards
  17 worker ants
  2 hell rats (Lair:1)
  A hound skeleton (D:9)
  A howler monkey zombie (D:5)
  4 mummies
  5 gnolls (D:9)
  19 adders
  7 river rats (Lair:1)
  A shadow imp (D:7)
  An ufetubus (D:5)
  2 oozes
  2 adder skeletons (D:4)
  A worm (D:3)
  3 dart slugs
  17 leopard geckos
  55 orcs
  3 ball pythons
  A giant cockroach (D:4)
  A gnoll zombie (Ossuary)
  12 goblins
  5 hobgoblins
  15 jackals
  18 kobolds
  9 quokkas
  18 bats
  13 frilled lizards
  A goblin zombie (Ossuary)
  4 hobgoblin zombies (Ossuary)
  5 kobold zombies
  2 quokka skeletons
  7 rats
562 creatures vanquished.

Vanquished Creatures (collateral kills)
  Erolcha (D:9)
  2 hydras (Lair:6)
  3 death yaks (Lair:6)
  A deep troll shaman (Lair:6)
  A lindwurm (Lair:6)
  A rime drake (Lair:6)
  A slime creature (D:12)
  2 wraiths (Lair:5)
  A water moccasin (Lair:6)
  An orc warrior (D:9)
  A hornet zombie (D:9)
  A worker ant (D:12)
  2 orcs (D:9)
18 creatures vanquished.

Vanquished Creatures (others)
  An iguana (D:11)
  A leopard gecko (D:11)
  A frilled lizard (D:11)
  A hobgoblin zombie (Ossuary)
  A bush (Lair:6)
  111 fungi
  108 plants
224 creatures vanquished.

Grand Total: 804 creatures vanquished

Notes
Turn   | Place    | Note
-------+----------+-------------------------------------------
     0 | D:1      | Apogee the Draconian Transmuter began the quest for the
                  | Orb.
     0 | D:1      | Reached XP level 1. HP: 16/16 MP: 3/3
   171 | D:1      | Reached XP level 2. HP: 20/23 MP: 5/5
   692 | D:1      | Learned a level 2 spell: Wereblood
   718 | D:2      | Reached XP level 3. HP: 21/29 MP: 4/6
  1035 | D:2      | Reached XP level 4. HP: 32/36 MP: 5/7
  1297 | D:2      | Found a burning altar of Makhleb.
  1313 | D:2      | Became a worshipper of Makhleb the Destroyer
  1459 | D:2      | Reached XP level 5. HP: 38/44 MP: 6/8
  1695 | D:3      | Noticed Sigmund
  1706 | D:3      | Killed Sigmund
  1706 | D:3      | Reached skill level 5 in Unarmed Combat
  1706 | D:3      | Reached XP level 6. HP: 29/52 MP: 9/9
  1942 | D:3      | Found a shimmering altar of Xom.
  1942 | D:3      | Found a shimmering altar of Xom.
  1944 | D:3      | Found a shimmering altar of Xom.
  1945 | D:3      | Noticed Natasha
  2071 | D:3      | Noticed Terence
  2091 | D:3      | Killed Terence
  2227 | D:3      | Found a shimmering altar of Xom.
  2274 | D:3      | Noticed Ijyb
  2292 | D:3      | Reached * piety under Makhleb
  2306 | D:3      | Killed Natasha
  2331 | D:3      | Paralysed by Ijyb for 3 turns
  2346 | D:3      | Killed Ijyb
  2384 | D:3      | Noticed Natasha
  2390 | D:3      | Killed Natasha
  2461 | D:3      | Noticed Natasha
  2477 | D:3      | Killed Natasha
  2639 | D:4      | Noticed an ice beast
  2814 | D:3      | Your scales start taking on a glossy black colour.
  2814 | D:3      | Reached XP level 7. HP: 56/60 MP: 10/10
  2814 | D:3      | Gained mutation: You are resistant to electric shocks.
                  | (rElec) [Black Draconian growth]
  3001 | D:4      | Found a staircase to the Ecumenical Temple.
  3006 | D:4      | Found a runed translucent gate.
  3006 | D:4      | Found a runed translucent gate.
  3006 | D:4      | Found a runed translucent gate.
  3062 | D:4      | Reached skill level 5 in Fighting
  3063 | D:4      | Reached ** piety under Makhleb
  3364 | D:4      | Found a bloodstained altar of Trog.
  3845 | D:4      | Noticed gbos's ghost (amateur DDFi)
  3878 | D:5      | Entered Level 5 of the Dungeon
  3914 | D:5      | Found a sand-covered staircase.
  3924 | Ossuary  | Entered an ossuary
  3924 | Ossuary  | Noticed a wraith
  3924 | Ossuary  | Noticed a wraith
  3924 | Ossuary  | Noticed a wraith
  3969 | Ossuary  | Noticed a wraith
  3997 | Ossuary  | HP: 1/61 [wraith (11)]
  4007 | Ossuary  | Killed a wraith
  4007 | Ossuary  | Reached XP level 8. HP: 27/70 MP: 9/11
  5943 | D:6      | Reached *** piety under Makhleb
  5955 | D:6      | Reached skill level 5 in Transmutations
  6070 | D:6      | Found a hide-covered altar of Uskayaw.
  6150 | D:6      | Reached XP level 9. HP: 78/78 MP: 14/14
  6176 | D:6      | Found Uddud's Antique Weapon Emporium.
  6489 | D:7      | You fall into a shaft and drop 1 floor!
  6510 | D:8      | Reached skill level 5 in Spellcasting
  7655 | D:7      | Found a glowing golden altar of the Shining One.
  7897 | D:8      | Reached **** piety under Makhleb
  8156 | D:8      | Reached XP level 10. HP: 73/88 MP: 15/17
  8451 | D:9      | Noticed Erica
  8466 | D:9      | Killed Erica
  8494 | D:9      | Learned a level 5 spell: Blade Hands
  8572 | D:9      | Noticed Gastronok
  8578 | D:9      | Killed Gastronok
  8578 | D:9      | Reached skill level 10 in Fighting
  8578 | D:9      | Reached skill level 10 in Transmutations
  8696 | D:9      | Noticed Prince Ribbit
  8714 | D:9      | Killed Prince Ribbit
  8778 | D:9      | Noticed a two-headed ogre
  8786 | D:9      | Killed a two-headed ogre
  8786 | D:9      | Reached skill level 2 in Invocations
  8786 | D:9      | Reached XP level 11. HP: 99/99 MP: 12/18
  8859 | D:9      | Noticed Maggie
  8880 | D:9      | Killed Maggie
  8891 | D:9      | Reached skill level 3 in Invocations
  8941 | D:9      | Reached skill level 10 in Unarmed Combat
  9086 | D:9      | Noticed Erolcha
  9097 | D:9      | Killed Erolcha
  9097 | D:9      | Reached skill level 5 in Invocations
  9353 | D:9      | Got a steaming hunting sling
  9355 | D:9      | Got an iridescent great mace
  9357 | D:9      | Got a pitted turquoise ring
  9375 | D:9      | Identified the ring of Moodiness {+Blink rPois Dex+3} (You
                  | found it on level 9 of the Dungeon)
  9401 | D:9      | Identified the +5 hunting sling of Exhibitionism {freeze,
                  | rElec rN+++ MP-9} (You found it on level 9 of the Dungeon)
  9435 | D:10     | Entered Level 10 of the Dungeon
  9592 | D:10     | Learned a level 2 spell: Blink
  9596 | D:10     | Learned a level 3 spell: Confusing Touch
  9743 | D:10     | Reached ***** piety under Makhleb
  9743 | D:10     | Reached skill level 1 in Translocations
  9747 | D:10     | Reached skill level 1 in Hexes
  9780 | D:10     | Reached skill level 6 in Invocations
  9937 | D:10     | Reached skill level 7 in Invocations
 10092 | D:10     | Found a staircase to the Lair.
 10490 | Lair:1   | Entered Level 1 of the Lair of Beasts
 10490 | Lair:1   | Found a dark tunnel.
 10498 | Volcano  | Entered a volcano
 10583 | Volcano  | Reached skill level 8 in Invocations
 11025 | Lair:1   | Reached skill level 9 in Invocations
 11467 | Lair:1   | Reached XP level 12. HP: 106/106 MP: 14/19
 12383 | Lair:2   | Reached skill level 10 in Invocations
 12868 | Lair:3   | Found a staircase to the Swamp.
 12881 | Lair:3   | Reached ****** piety under Makhleb
 12941 | Lair:3   | Found a shimmering blue altar of Sif Muna.
 13225 | Lair:3   | Reached skill level 11 in Invocations
 13927 | Lair:4   | Reached skill level 12 in Invocations
 13971 | Lair:4   | Found a staircase to the Snake Pit.
 14127 | Lair:4   | Noticed a seven-headed hydra
 14425 | Lair:4   | Found a glowing silver altar of Zin.
 14928 | Snake:1  | Entered Level 1 of the Snake Pit
 15022 | Lair:5   | Noticed a seven-headed hydra
 15169 | Lair:5   | Found a staircase to the Slime Pits.
 15169 | Lair:5   | Found a viscous altar of Jiyva.
 15181 | Lair:5   | Reached skill level 1 in Shields
 15399 | Lair:5   | Noticed Nessos
 15433 | Lair:5   | Noticed Josephine
 15507 | Lair:5   | Reached skill level 13 in Invocations
 15516 | Lair:5   | Killed Josephine
 15553 | Lair:5   | Killed a seven-headed hydra
 15747 | Lair:5   | Reached XP level 13. HP: 105/113 MP: 17/22
 15932 | Lair:5   | Killed Nessos
 16285 | Lair:6   | Entered Level 6 of the Lair of Beasts
 17537 | D:11     | Reached skill level 5 in Shields
 19103 | D:12     | Found Orhilygg's Weapon Shop.
 19378 | D:11     | Learned a level 9 spell: Tornado
 19460 | D:12     | Reached skill level 14 in Invocations
 19465 | D:12     | Reached skill level 1 in Air Magic
 19611 | D:12     | Found a staircase to the Orcish Mines.
 19958 | Lair:6   | Found the +8 Wrath of Trog {antimagic, *Rage}
 20441 | Lair:6   | HP: 1/115 [bounced beam (8)]
 20441 | Lair:6   | Killed themself with a bounced zap

Illustrated notes

Levels and vault maps discovered:
D:1:      wander_arrival_fairy_ring, layout_rooms
D:2:      layout_rooms, makhleb_heckhound_becter
D:3:      kennysheep_the_goblin_king, layout_basic, xom_redecorated,
          uniq_sigmund, uniq_natasha, uniq_terence
D:4:      layout_loops_ring, minmay_temple_entry_arrows, serial_glass,
          glass_columns_b, glass_columns_a, item_on_display_a,
          gammafunk_ghost_icy, trog_eyes_of_draining
D:5:      layout_loops_ring, nicolae_ossuary_entry_giza
D:6:      layout_rooms, eat_drink_and_be_merry_uskayaw, serial_shops,
          nicolae_shop_overgrown_old_shop
D:7:      cheibrodos_fzero, layout_rooms, basic_altar, kennysheep_generic_room_6
D:8:      layout_basic, hangedman_decor_diamond_cutter, grunt_livestock
D:9:      minmay_the_grid_net [minmay_the_grid_expand, minmay_the_grid_doors,
          minmay_the_grid_dragon_b, minmay_the_grid_box_x,
          minmay_the_grid_zigzag_pyramid, minmay_the_grid_prize_diamond_cup],
          layout_rooms, uniq_gastronok, uniq_erica, uniq_maggie, uniq_erolcha,
          uniq_prince_ribbit1
D:10:     layout_big_octagon, due_lair_maze_entry_diamond
D:11:     lemuel_reptile_caves, layout_irregular_city, nooodl_orcs_dogs
D:12:     layout_roguey, david_orc_4, serial_shops, shop, nrook_pool_corridor
Lair:1:   layout_roguey, enter_volcano_2, special_room [special_room_bee],
          st_stairs_3, ldierk_geyser, kennysheep_rathole, grunt_megastairs_3
Lair:2:   layout_regular_city, chequers_serial_rivers_small_a, roderic_batcave
Lair:3:   layout_cellular_growth, minmay_swamp_entry_eels, special_room,
          basic_altar, grunt_forest_large_clearing_hut,
          minmay_lair_oklob_chamber
Lair:4:   layout_small_grid, dummy_snake_entry, basic_altar, grunt_megastairs_5
Lair:5:   layout_roguey, slime_altar_1, st_stairs_6,
          chequers_serial_rivers_room_a, infiniplex_staircase_pool_2,
          lemuel_fruit_tree, uniq_josephine, uniq_nessos
Lair:6:   grunt_lair_end_beastmaster, layout_loops_ring, serial_bayou_shore_b,
          infiniplex_staircase_pool
Snake:1:  cheibrodos_snake_ritualist_ritual, layout_layer_cave, special_room

Skill      XL: |  1  2  3  4  5  6  7  8  9 10 11 12 13 |
---------------+----------------------------------------+-----
Fighting       | 2 3 4 5 6 7 10 | 10.8
Unarmed Combat | 4 5 6 8 9 10 11 | 11.3
Transmutations | 5 8 10 | 10.0
Spellcasting   | 3 5 |  5.0
Invocations    | 2 9 13 14 | 14.3
Translocations | 3 4 |  4.0
Hexes          | 3 4 |  4.0
Shields        | 3 5 |  5.0
Dodging        | 4 |  4.0
Air Magic      | 3 |  3.4

Action                   |  1- 3 |  4- 6 |  7- 9 | 10-12 | 13-15 || total
-------------------------+-------+-------+-------+-------+-------++-------
Melee: Unarmed           |   115 |   182 |   423 |   648 |   390 ||  1758
       Headbutt          |    12 |    16 |    57 |     9 |       ||    94
       Kick              |     7 |    18 |    89 |    21 |       ||   135
       Tailslap          |     7 |    20 |    52 |    76 |    59 ||   214
       Punch             |       |     3 |    15 |    17 |    11 ||    46
 Cast: Beastly Appendage |    12 |    18 |    46 |     7 |       ||    83
       Wereblood         |       |     2 |    13 |     9 |     5 ||    29
       Blade Hands       |       |       |       |    72 |    42 ||   114
Invok: Lesser Servant of |       |       |       |     3 |     3 ||     6
       Greater Servant o |       |       |       |     1 |     4 ||     5
 Abil: Breathe Lightning |       |       |     4 |     3 |     1 ||     8
Evoke: Wand              |       |       |     6 |    12 |     6 ||    24
       Condenser vane    |       |       |       |     1 |     2 ||     3
  Use: Potion            |       |       |     7 |     2 |     1 ||    10
       Scroll            |       |       |    16 |     3 |    11 ||    30
 Stab: Sleeping          |       |     1 |     4 |     2 |     2 ||     9
       Paralysed         |       |       |     3 |       |       ||     3
       Distracted        |       |       |       |       |     1 ||     1
Armor: Skin              |    46 |    45 |   147 |   298 |   126 ||   662
Dodge: Dodged            |    77 |    96 |   231 |   422 |   185 ||  1011
Block: Buckler           |       |       |       |     5 |    33 ||    38

Table legend: (Time is in decaauts)
 A = Elapsed time spent in this place.
 B = Non-inter-level travel time spent in this place.
 C = Inter-level travel time spent in this place.
 D = Time resting spent in this place.
 E = Time spent auto-exploring this place.
 F = Levels seen in this place.
 G = Mean time per level.
                   A        B        C        D        E       F      G
               +--------+--------+--------+--------+--------+-----+--------+
         Total |  20221 |  19373 |    848 |   2165 |  12675 |  21 |  962.9 |
       Dungeon |  12741 |  12374 |    367 |   1699 |   7609 |  12 | 1061.8 |
          Lair |   6445 |   5964 |    481 |    394 |   4485 |   6 | 1074.2 |
     Snake Pit |      1 |      1 |      0 |      0 |      0 |   1 |    1.0 |
       Ossuary |    856 |    856 |      0 |     70 |    572 |   1 |  856.0 |
       Volcano |    176 |    176 |      0 |      0 |      9 |   1 |  176.0 |
               +--------+--------+--------+--------+--------+-----+--------+

Top non-repeatable levels by time:
    D:11: 1963 daAuts
  Lair:5: 1394 daAuts
  Lair:1: 1350 daAuts
  Lair:3: 1255 daAuts
    D:10: 1210 daAuts
     D:4: 1180 daAuts
     D:5: 1135 daAuts
     D:9: 1129 daAuts
     D:8: 1125 daAuts
    D:12: 1075 daAuts
  Lair:4: 1038 daAuts
     D:3: 1012 daAuts
     D:1: 859 daAuts
 Ossuary: 856 daAuts
     D:2: 797 daAuts
